 Dungeon Crawl Stone Soup version 0.30-a0-358-g0d69a1922f (webtiles) character file.

Game seed: 14845946055370675666

754 RascalDebosk the Magician (level 8, -6/58 HPs)
             Began as a Djinni Conjurer on Nov 9, 2022.
             Shot with an arrow by a centaur (13 damage)
             ... on level 9 of the Dungeon.
             The game lasted 00:27:30 (4520 turns).

RascalDebosk the Magician (Djinni Conjurer)         Turns: 4520, Time: 00:27:31

Health: -6/58      AC:  3    Str:  6    XL:     8   Next: 7%
Gold:   85         EV: 16    Int: 21    God:
                   SH:  5    Dex: 13

rFire   + + .      SeeInvis .    y - +4 dagger (venom)
rCold   x . .      Faith    .    (no shield)
rNeg    . . .      Spirit   .    a - +1 robe
rPois   ∞          Reflect  +    (no helmet)
rElec   .          Harm     .    (no cloak)
rCorr   +          Rampage  .    (no gloves)
Will    .....                    (boots unavailable)
Stlth   ++........               p - amulet of reflection
HPRegen 0.29/turn                o - +4 ring of evasion
MPRegen 0.00/turn                r - ring of resist corrosion

@: flying
A: sickness immunity, fire resistance 2, cold vulnerability 1, float, innate
caster, HP casting, extra vitality 1
a: no special abilities


You were on level 9 of the Dungeon.
You visited 1 branch of the dungeon, and saw 7 of its levels.

You collected 285 gold pieces.
You spent 200 gold pieces at shops.

Inventory:

Hand Weapons
 m - a +0 short sword of electrocution
 y - a +4 dagger of venom (weapon)
Armour
 a - a +1 robe (worn)
Magical Staves
 l - a staff of poison
Jewellery
 o - a +4 ring of evasion (left hand)
 p - an amulet of reflection (around neck)
 r - a ring of resist corrosion (right hand)
Wands
 e - a wand of polymorph (5)
 w - a wand of iceblast (14)
Scrolls
 c - a scroll of torment {unknown}
 d - a scroll of immolation
 g - 3 scrolls of blinking
 i - a scroll of fear {unknown}
 n - a scroll of enchant armour
 q - a scroll of vulnerability {unknown}
 t - 5 scrolls of teleportation
 u - a scroll of enchant weapon {unknown}
 v - 4 scrolls of silence {unknown}
 x - 2 scrolls of magic mapping
Potions
 b - a potion of cancellation
 f - 2 potions of curing
 h - 3 potions of invisibility
 j - a potion of flight {unknown}
 k - 2 potions of attraction
 s - a potion of brilliance {unknown}
 z - a potion of heal wounds


   Skills:
 + Level 4.2 Fighting
 - Level 2.1 Dodging
 - Level 1.5 Stealth
 * Level 6.3 Spellcasting


You couldn't memorise any spells.
You knew the following spells:

 Your Spells              Type           Power      Damage    Failure   Level
a - Magic Dart            Conj           100%       1d8       1%          1
b - Searing Ray           Conj           66%        2d6       1%          2
c - Dazzling Flash        Conj/Hex       66%        N/A       1%          3
d - Fulminant Prism       Conj/Hex       16%        3d10      7%          4
e - Iskenderun's Mystic   Conj/Tloc      33%        2d8       7%          4
f - Apportation           Tloc           66%        N/A       1%          1
g - Scorch                Fire           66%        2d8       1%          2
h - Frozen Ramparts       Ice            66%        1d10      1%          3
Your spell library was empty.

Dungeon Overview and Level Annotations

Branches:
Dungeon (6/15)             Temple (0/1) D:6

Altars:
Hepliaklqana
Qazlal

Shops:
D:3 :   D:5 =?=


Innate Abilities, Weirdness & Mutations

You are immune to sickness and miasma.
You are immune to poison.
Your flesh is very heat resistant. (rF++)
You are vulnerable to cold. (rC-)
You float through the air rather than walking.
You learn spells naturally, not from books.
Your magical power is your life essence.
You have superior vitality. (+4 MHP)


Message History

Press: ? - help, Shift-Dir - straight line, f/p - orc wizard
Aim: an orc wizard, wielding a +0 dagger and wearing a +0 robe (moderately wounded, 100% to hit)
The magic dart hits the orc wizard but does no damage.
The orc wizard is moderately wounded.
The centaur shouts!
The centaur wields a +0 shortbow.
The centaur shoots an arrow.
The arrow hits you!
Casting: Magic Dart (safe; 1% risk of failure)
Confirm with . or Enter, or press ? or * to list all spells.
Aiming: Magic Dart (safe; 1% risk of failure)
Press: ? - help, Shift-Dir - straight line, f/p - orc wizard
Aim: an orc wizard, wielding a +0 dagger and wearing a +0 robe (moderately wounded, 100% to hit)
The magic dart hits the orc wizard!
The orc wizard is almost dead.
The centaur shoots an arrow.
The arrow hits you!
Casting: Magic Dart (safe; 1% risk of failure)
Confirm with . or Enter, or press ? or * to list all spells.
Aiming: Magic Dart (safe; 1% risk of failure)
Press: ? - help, Shift-Dir - straight line, f/p - orc wizard
Aim: an orc wizard, wielding a +0 dagger and wearing a +0 robe (almost dead, 100% to hit)
The magic dart hits the orc wizard!
You kill the orc wizard!
* * * LOW HITPOINT WARNING * * *
The centaur shoots an arrow.
The arrow closely misses you.
The centaur shoots an arrow.
The arrow barely misses you.
The orc warrior unwields a +2 flail of holy wrath.
It stops glowing.
The orc warrior wields a +0 arbalest.
The orc warrior shoots a bolt.
The bolt hits you but does no damage.
Casting: Magic Dart (safe; 1% risk of failure)
Confirm with . or Enter, or press ? or * to list all spells.
Aiming: Magic Dart (safe; 1% risk of failure)
Press: ? - help, Shift-Dir - straight line, f - centaur
Aim: a centaur, wielding a +0 shortbow (100% to hit)
The magic dart hits the centaur but does no damage.
* * * LOW HITPOINT WARNING * * *
The centaur shoots an arrow.
The arrow misses you.
The orc warrior shoots a bolt.
The bolt barely misses you.
The centaur shoots an arrow.
The arrow misses you.
The orc warrior shoots a bolt.
The bolt misses you.
The centaur shoots an arrow.
You reflect the arrow off an invisible shield around you!
The arrow barely misses the centaur.
The centaur shoots an arrow.
The arrow hits you!
* * * LOW HITPOINT WARNING * * *
The centaur shoots an arrow.
The arrow hits you.
* * * LOW HITPOINT WARNING * * *
The centaur shoots an arrow.
The arrow hits you!
* * * LOW HITPOINT WARNING * * *
You feel much better.
Casting: Magic Dart (safe; 1% risk of failure)
Confirm with . or Enter, or press ? or * to list all spells.
Aiming: Searing Ray (safe; 1% risk of failure)
Press: ? - help, Shift-Dir - straight line, f/p - centaur
Aim: a centaur, wielding a +0 shortbow (88% to hit)
The searing ray hits the centaur.
The centaur is moderately wounded. (Press . to maintain the ray.)
The centaur shoots an arrow.
The arrow completely misses you.
The searing ray hits the centaur.
The centaur is heavily wounded.
The centaur shoots an arrow.
The arrow barely misses you.
The centaur shoots an arrow.
The arrow closely misses you.
The searing ray hits the centaur!
The centaur is severely wounded.
The searing ray hits the orc warrior but does no damage.
The centaur shoots an arrow.
The arrow completely misses you.
The searing ray hits the centaur.
The centaur is almost dead.
You finish channelling your searing ray.
The centaur shoots an arrow.
The arrow misses you.
The orc warrior shoots a bolt.
The bolt hits you!
* * * LOW HITPOINT WARNING * * *
Casting: Searing Ray (safe; 1% risk of failure)
Confirm with . or Enter, or press ? or * to list all spells.
Aiming: Searing Ray (safe; 1% risk of failure)
Press: ? - help, Shift-Dir - straight line, f/p - centaur
Aim: a centaur, wielding a +0 shortbow (almost dead, 88% to hit)
The searing ray hits the centaur!
You kill the centaur! (Press . to maintain the ray.)
* * * LOW HITPOINT WARNING * * *
The orc warrior shoots a bolt.
The bolt closely misses you.
You have reached level 8!
You feel agile.
Casting: Searing Ray (safe; 1% risk of failure)
Confirm with . or Enter, or press ? or * to list all spells.
You erupt in a blast of force!
The mystic blast hits the orc warrior but does no damage.
* * * LOW HITPOINT WARNING * * *
The orc warrior shoots a bolt.
The bolt barely misses you.
A centaur comes into view.
Casting: Iskenderun's Mystic Blast (dangerous; 7% risk of failure)
Confirm with . or Enter, or press ? or * to list all spells.
You erupt in a blast of force!
The mystic blast hits the orc warrior but does no damage.
* * * LOW HITPOINT WARNING * * *
The orc warrior shoots a bolt.
The bolt barely misses you.
The centaur wields a +0 shortbow.
The centaur shoots an arrow.
The arrow hits you!
You die...

.............#
......co.....#
.............#
..####..######
#..# # #..# #.
#..#
####..####..#####
.......@.o.......#
.........)..####.#
.....#####..# ....
#..# ... #..# ..
#..# c #..# ...


You could see an orc warrior and a centaur.

Vanquished Creatures
  Duvessa (D:5)
  A centaur (D:9)
  A necrophage (D:5)
  Dowan (D:5)
  2 hounds
  2 jellies
  2 iguanas (D:4)
  An orc wizard (D:9)
  11 adders
  4 gnolls (D:3)
  3 worms
  6 dart slugs
  10 orcs
  8 ball pythons
  8 bats
  9 endoplasms
  6 giant cockroaches
  5 goblins
  6 hobgoblins
  8 jackals
  7 kobolds
  7 quokkas
  5 frilled lizards
  5 rats
119 creatures vanquished.

Vanquished Creatures (others)
  4 fulminant prisms
  2 plants (D:4)
6 creatures vanquished.

Grand Total: 125 creatures vanquished

Notes
Turn   | Place    | Note
-------+----------+-------------------------------------------
     0 | D:1      | RascalDebosk the Djinni Conjurer began the quest for the
                  | Orb.
     0 | D:1      | RascalDebosk set off with the following spells memorised:
                  | Magic Dart, Searing Ray, Dazzling Flash, Fulminant Prism,
                  | Iskenderun's Mystic Blast.
     0 | D:1      | Reached XP level 1. HP: 15/15 MP: 0/0
   131 | D:1      | Reached XP level 2. HP: 13/21 MP: 0/0
   418 | D:1      | Reached XP level 3. HP: 24/25 MP: 0/0
   418 | D:1      | Learned a level 1 spell: Apportation
   536 | D:1      | Reached skill level 4 in Spellcasting
  1156 | D:2      | Identified the +1 leather armour "Qotekis" {-Tele Dex+3
                  | Stlth+}
  1295 | D:2      | Reached XP level 4. HP: 30/31 MP: 0/0
  1702 | D:2      | Reached skill level 1 in Fighting
  1956 | D:3      | Reached XP level 5. HP: 25/37 MP: 0/0
  1956 | D:3      | Learned a level 2 spell: Scorch
  2136 | D:3      | Found a hazy altar of Hepliaklqana.
  2255 | D:3      | Found Acwang's Book Shoppe.
  2554 | D:3      | Found a faded altar of an unknown god.
  2822 | D:4      | Found a stormy altar of Qazlal.
  2882 | D:4      | Reached XP level 6. HP: 38/43 MP: 0/0
  2971 | D:4      | Reached skill level 5 in Spellcasting
  3343 | D:4      | Found Iceusun's Antique Armour Emporium.
  3721 | D:5      | Entered Level 5 of the Dungeon
  3730 | D:5      | Found Xigick's Magic Scroll Emporium.
  3738 | D:5      | Bought a scroll of teleportation for 30 gold pieces
  3738 | D:5      | Bought a scroll of blinking for 75 gold pieces
  3738 | D:5      | Bought a scroll of identify for 20 gold pieces
  3738 | D:5      | Bought a scroll of magic mapping for 75 gold pieces
  3756 | D:5      | Found Otaick's Jewellery Shoppe.
  3784 | D:5      | Reached XP level 7. HP: 49/50 MP: 0/0
  3784 | D:5      | Learned a level 3 spell: Frozen Ramparts
  3897 | D:5      | Found Bevefaan's Jewellery Boutique.
  4007 | D:5      | Noticed Duvessa
  4007 | D:5      | Noticed Dowan
  4026 | D:5      | Killed Dowan
  4028 | D:5      | Killed Duvessa
  4029 | D:5      | Reached skill level 6 in Spellcasting
  4485 | D:6      | Found a staircase to the Ecumenical Temple.
  4485 | D:6      | You are sucked into a shaft and drop 3 floors!
  4519 | D:9      | Reached XP level 8. HP: 15/58 MP: 0/0
  4520 | D:9      | Shot with an arrow by a centaur

Illustrated notes

Levels and vault maps discovered:
D:1:      erik_arrival_triangle_medium, layout_loops_corners
D:2:      layout_loops_ring, nicolae_eternal_life, kennysheep_cross_room,
          st_stairs_4
D:3:      layout_rooms, mainiacjoe_overflow_paths, serial_shops, shop_fountains,
          ebering_ecumenical_altar_hall, chequers_serial_rivers_large_b,
          st_stairs_9
D:4:      minmay_recursive_quarters, layout_basic,
          nicolae_overflow_two_pavilions, serial_shops, kennysheep_mini_moat,
          st_stairs_8, kennysheep_flooded_box, guppyfry_early_lair_pool
D:5:      layout_loops_cross, serial_shops, nicolae_stop_n_shop_1,
          nicolae_diamond_shop, nicolae_inconvenience_store, minivault_26,
          uniq_duvessa
D:6:      layout_gridville, chequers_temple_overflow_statue_of_worship,
          minmay_temple_entry_statues_fountains, minmay_misc_feat_x
D:9:      layout_small_grid

Skill      XL: |  1  2  3  4  5  6  7 |
---------------+----------------------+-----
Spellcasting   | 4 5 6 |  6.3
Fighting       | 1 2 3 4 |  4.2
Dodging        | |  2.1
Stealth        | |  1.5

Action                   |  1- 3 |  4- 6 |  7- 9 || total
-------------------------+-------+-------+-------++-------
Melee: Dagger            |     1 |       |       ||     1
 Cast: Magic Dart        |    73 |   104 |    41 ||   218
       Searing Ray       |     1 |     7 |     4 ||    12
       Iskenderun's Myst |       |     8 |     3 ||    11
       Fulminant Prism   |       |     3 |     1 ||     4
       Scorch            |       |     2 |     5 ||     7
       Frozen Ramparts   |       |       |     1 ||     1
  Use: Scroll            |       |     8 |     3 ||    11
       Potion            |       |       |     1 ||     1
Armor: Robe              |     1 |       |     1 ||     2
Dodge: Dodged            |     3 |     7 |    17 ||    27
Block: Other             |       |     3 |     3 ||     6
       Reflection        |       |       |     1 ||     1

Table legend: (Time is in decaauts)
 A = Elapsed time spent in this place.
 B = Non-inter-level travel time spent in this place.
 C = Inter-level travel time spent in this place.
 D = Time resting spent in this place.
 E = Time spent auto-exploring this place.
 F = Levels seen in this place.
 G = Mean time per level.
                   A        B        C        D        E       F      G
               +--------+--------+--------+--------+--------+-----+--------+
         Total |   4516 |   4308 |    208 |    115 |   3574 |   7 |  645.1 |
       Dungeon |   4516 |   4308 |    208 |    115 |   3574 |   7 |  645.1 |
               +--------+--------+--------+--------+--------+-----+--------+

Top non-repeatable levels by time:
     D:1: 1048 daAuts
     D:4: 990 daAuts
     D:3: 876 daAuts
     D:2: 803 daAuts
     D:5: 763 daAuts
     D:9: 34 daAuts
